 Dungeon Crawl Stone Soup version 0.30-a0-743-gbfdf073431 (webtiles) character file.

Game seed: 16987335030253779107

46175 Leeroy the Fencer (level 14, -5/68 HPs)
             Began as a Vine Stalker Warper on Feb 6, 2023.
             Was the Champion of Uskayaw.
             Slain by a white ugly thing (19 damage)
             ... on level 5 of the Lair of Beasts.
             The game lasted 00:27:34 (16146 turns).

Leeroy the Fencer (Vine Stalker Warper)            Turns: 16146, Time: 00:27:35

Health: -5/68      AC: 11    Str: 15    XL:     14   Next: 36%
Magic:  0/39       EV: 19    Int: 13    God:    Uskayaw [******]
Gold:   853        SH:  0    Dex: 18    Spells: 10/36 levels left

rFire   . . .      SeeInvis .    Y - +6 shillelagh "Devastator" {shatter}
rCold   . . .      Faith    .    (no shield)
rNeg    . . .      Spirit   +    w - +2 scale mail of Infinity {+Blink Regen+}
rPois   .          Reflect  .    Q - +0 helmet
rElec   .          Harm     .    A - scarf {shadows}
rCorr   .          Rampage  .    I - +0 pair of gloves
Will    +....                    p - +0 pair of boots Stlth
                                 N - amulet of magic regeneration
HPRegen 1.91/turn                k - +5 ring of evasion
MPRegen 0.66/turn                n - ring of magical power

@: no status effects
A: fangs 3, regeneration 1, magic shield, antimagic bite, no potion heal 2
a: Renounce Religion, Evoke Blink, Stomp, Line Pass, Grand Finale


You were on level 5 of the Lair of Beasts.
You worshipped Uskayaw.
Uskayaw was noncommittal.
You visited 3 branches of the dungeon, and saw 18 of its levels.
You also visited: Sewer and Ossuary.

You collected 853 gold pieces.

Inventory:

Hand Weapons
 K - a +4 short sword
 P - a +2 scimitar of holy wrath
 R - a +4 scimitar
 Y - the +6 shillelagh "Devastator" (weapon) {shatter}
   (You found it on level 7 of the Dungeon)
Missiles
 d - 7 boomerangs of dispersal
 y - 28 poisoned darts (quivered)
 C - 3 curare-tipped darts
 W - a throwing net
Armour
 b - the +1 leather armour of Meabouli {Will++ Str+3}
   (You found it on level 9 of the Dungeon)

   Str:       It affects your strength (+3).
   Will:      It greatly increases your willpower.
 p - a +0 pair of boots (worn)
 w - the +2 scale mail of Infinity (worn) {+Blink Regen+}
   (You found it on level 3 of the Dungeon)

   +Blink:    It lets you blink.
   Regen:     It increases your rate of health regeneration.
 x - +0 acid dragon scales
 A - a scarf of shadows (worn)
 I - a +0 pair of gloves (worn)
 Q - a +0 helmet (worn)
Magical Staves
 t - a staff of conjuration
Jewellery
 h - a ring of positive energy
 k - a +5 ring of evasion (left hand)
 n - a ring of magical power (right hand)
 s - a ring of protection from cold
 v - a +6 ring of strength
 J - a ring of resist corrosion
 N - an amulet of magic regeneration (around neck)
 Z - a ring of willpower
Wands
 E - a wand of flame (11)
 G - a wand of iceblast (29)
 L - a wand of charming (5)
 O - a wand of mindburst (19)
Scrolls
 a - 3 scrolls of silence
 c - a scroll of blinking
 g - 3 scrolls of summoning
 j - 5 scrolls of teleportation
 l - 3 scrolls of enchant weapon
 o - 3 scrolls of vulnerability
 q - 3 scrolls of amnesia
 B - 3 scrolls of enchant armour
 H - 5 scrolls of immolation
 S - a scroll of fear
 V - a scroll of fog
 X - 4 scrolls of noise
Potions
 e - 4 potions of curing
 f - a potion of brilliance {unknown}
 i - 3 potions of resistance
 m - 4 potions of haste
 r - 3 potions of mutation {unknown}
 u - 6 potions of flight
 z - 4 potions of ambrosia {unknown}
 D - 6 potions of lignification
 F - 4 potions of attraction {unknown}
 M - 5 potions of might {unknown}
 T - 3 potions of berserk rage {unknown}
 U - 2 potions of invisibility {unknown}


   Skills:
 - Level 5.0 Fighting
 - Level 16.1 Long Blades
 - Level 0.8 Throwing
 - Level 0.7 Armour
 - Level 10.1 Dodging
 + Level 11.7 Spellcasting
 - Level 1.0 Conjurations
 - Level 3.0 Translocations
 - Level 2.2 Evocations


You had 10 spell levels left.
You knew the following spells:

 Your Spells              Type           Power      Damage    Failure   Level
a - Blink                 Tloc           30%        N/A       17%         2
b - Vhi's Electric Charg  Tloc/Air       22%        N/A       52%         3
c - Static Discharge      Conj/Air       16%        2-3/arc   43%         2
d - Manifold Assault      Tloc           15%        N/A       73%         4
e - Arcjolt               Conj/Air       4%         1d14      100%        5
f - Wereblood             Tmut           7%         N/A       50%         2
g - Hailstorm             Conj/Ice       8%         3d4       67%         3
h - Lightning Bolt        Conj/Air       4%         1d15      100%        5

Your spell library contained the following spells:

 Spells                   Type           Power      Damage    Failure   Level
 Apportation              Tloc           30%        N/A       11%         1
 Lesser Beckoning         Tloc           30%        N/A       17%         2
 Kiss of Death            Conj/Necr      32%        2d7       30%         1
 Teleport Other           Tloc           15%        N/A       32%         3
 Beastly Appendage        Tmut           14%        N/A       36%         1
 Freeze                   Ice            28%        1d5       36%         1
 Necrotise                Necr           28%        1d5       36%         1
 Sting                    Tmut/Pois      28%        1d4       36%         1
 Summon Small Mammal      Summ           28%        N/A       36%         1
 Cigotuvi's Dreadful Rot  Necr/Pois/Air  14%        N/A       50%         2
 Poisonous Vapours        Pois/Air       14%        N/A       50%         2
 Sublimation of Blood     Necr           7%         N/A       50%         2
 Confusing Touch          Hex            7%         N/A       75%         3
 Frozen Ramparts          Ice            14%        1d3       75%         3
 Inner Flame              Hex/Fire       7%         N/A       75%         3
 Spider Form              Tmut/Pois      7%         N/A       75%         3
 Airstrike                Air            3%         2d(1-17)  98%         4
 Anguish                  Hex/Necr       3%         N/A       98%         4
 Animate Armour           Summ/Erth      14%        N/A       98%         4
 Cause Fear               Hex            3%         N/A       98%         4
 Dispel Undead            Necr           7%         3d8       98%         4
 Olgreb's Toxic Radiance  Pois           7%         N/A       98%         4
 Petrify                  Tmut/Erth      7%         N/A       98%         4
 Summon Lightning Spire   Summ/Air       7%         N/A       98%         4
 Blade Hands              Tmut           3%         N/A       100%        5
 Fireball                 Conj/Fire      4%         3d4       100%        5
 Iskenderun's Battlesphe  Conj           10%        2d6       100%        5
 Metabolic Englaciation   Hex/Ice        3%         N/A       100%        5
 Conjure Ball Lightning   Conj/Air       4%         3x3d6     100%        6
 Death Channel            Necr           3%         N/A       100%        6
 Iron Shot                Conj/Erth      4%         9d2       100%        6
 Statue Form              Tmut/Erth      4%         N/A       100%        6
 Enfeeble                 Hex            3%         N/A       100%        7
 Orb of Destruction       Conj           5%         9d5       100%        7
 Summon Hydra             Summ           3%         N/A       100%        7
 Discord                  Hex            3%         N/A       100%        8


Dungeon Overview and Level Annotations

Branches:
Dungeon (12/15)            Temple (1/1) D:6            Lair (5/5) D:11
 Shoals (0/4) Lair:2       Spider (0/4) Lair:2        Slime (0/5) Lair:4
    Orc (0/2) D:10          Sewer (visited)         Ossuary (visited)

Altars:
Cheibriados
Elyvilon
Gozag
Hepliaklqana
Kikubaaqudgha
Okawaru
Qazlal
Sif Muna
Uskayaw
Vehumet
Wu Jian
Yredelemnul
The Shining One

Annotations:
D:4 4 transporters, Leeroy's ghost, amateur VSWr
D:7 3 runed translucent doors, Dirtsage's ghost, novice OpTm; mopl's ghost, novice OpDe


Innate Abilities, Weirdness & Mutations

You have razor-sharp teeth.
Your natural rate of healing is unusually fast.
When hurt, damage is shared between your health and your magic reserves.
Your bite disrupts and absorbs the magic of your enemies.
Potions cannot restore your health.


Message History

The cane toad misses you.
A white ugly thing comes into view.
You closely miss the cane toad.
You bite the cane toad, but do no damage.
The cane toad is moderately wounded.
The cane toad stings you!! The blink frog hits you.
The cane toad stings you but does no damage.
The chaos spawn closely misses you.
Uskayaw links your audience in an emotional bond!
You closely miss the cane toad. You bite the cane toad. You drain its power.
You feel invigorated.
The cane toad is moderately wounded.
The blink frog hits you. The cane toad misses you.
The blink frog blinks!
The chaos spawn gores you!
The chaos spawn draws strength from your injuries!
You hit the white ugly thing.
The white ugly thing, the chaos spawn and the cane toad shudder.
The white ugly thing is moderately wounded.
You kill the cane toad!
You kill the chaos spawn!
The chaos spawn degenerates into a cloud of primal chaos!
You bite the white ugly thing. You drain its power.
You feel invigorated.
The white ugly thing is heavily wounded.
The white ugly thing is no longer sharing its pain.
The white ugly thing pecks you! The white ugly thing freezes you!!
* * * LOW HITPOINT WARNING * * *
You closely miss the white ugly thing. You bite the white ugly thing.
You drain its power.
You feel invigorated.
The white ugly thing is severely wounded.
The white ugly thing closely misses you. x2
You hit the white ugly thing but do no damage.
Your bite misses the white ugly thing.
The white ugly thing is severely wounded.
The white ugly thing pecks you. The white ugly thing freezes you!
* * * LOW HITPOINT WARNING * * *
You completely miss the white ugly thing.
The white ugly thing is severely wounded.
The blink frog misses you. The white ugly thing pecks you.
* * * LOW HITPOINT WARNING * * *
The white ugly thing freezes you!!
You die...

#.... #....
♣..♣ #...
... #...
..♣ . #P..
.. .♣ ##...
♣♣♣.♣♣ ♣.♣
#....
♣..††♣♣ ..♣
##...
♣..F@†♣♣.♣
#....
♣..♣♣u....♣
#P#(. ..
♣♣....♣
###..
♣♣...♣
###.. ♣♣..♣
♣....
♣♣♣♣..♣
♣#...
♣.....♣
#...
♣♣....♣♣
♣... ♣♣
♣♣..†♣.♣
♣.#..


You could see a white ugly thing and a blink frog.

Vanquished Creatures
  Kirke (Lair:5)
  Snorg (D:11)
  Josephine (Lair:4)
  Fannar (Lair:2)
  2 hydras
  6 two-headed ogres
  A boulder beetle (Lair:1)
  7 death yaks
  A fire crab (D:11)
  Pikel (D:5)
  A manticore (D:11)
  A cyclops (D:6)
  A merfolk siren (Lair:2)
  Joseph (D:9)
  11 elephants
  3 black mambas
  7 cane toads
  Maggie (Lair:2)
  An unseen horror (D:11)
  2 rime drakes
  9 komodo dragons
  2 kobold demonologists
  4 polar bears
  A tarantella (shapeshifter) (Lair:5)
  2 trolls
  17 blink frogs
  4 jumping spiders (Lair:2)
  2 culicivoras (Lair:2)
  3 shadows
  5 wyverns
  4 wraiths (Lair:4)
  45 yaks
  4 vampire mosquitoes (D:11)
  6 basilisks
  2 chaos spawn (Lair:5)
  A redback (Lair:2)
  6 water moccasins
  3 orc warriors
  A black bear (D:7)
  A sky beast (D:8)
  An ogre (D:6)
  4 centaurs
  5 small abominations (Lair:5)
  3 phantoms
  4 kobold brigands
  8 bullfrogs
  A gnoll sergeant (D:7)
  6 scorpions
  4 necrophages
  5 wights (D:7)
  12 killer bees
  3 howler monkeys
  3 hounds
  3 bullfrog zombies (D:5)
  A human zombie (D:5)
  2 gnoll boudas (D:8)
  2 jellies
  4 orc priests
  2 iguanas
  A scorpion zombie (D:5)
  6 orc wizards
  A killer bee zombie (D:5)
  A hound zombie (D:5)
  11 mummies
  A howler monkey zombie (D:5)
  18 gnolls
  A river rat (Sewer)
  7 adders
  2 shadow imps (D:6)
  2 ufetubi
  5 worms
  4 dart slugs
  22 orcs
  6 ball pythons
  7 endoplasms
  3 giant cockroaches
  5 goblins
  5 hobgoblins
  8 jackals
  13 kobolds
  5 quokkas
  7 bats
  4 frilled lizards
  2 gnoll zombies (Ossuary)
  A goblin zombie (D:7)
  2 hobgoblin zombies
  3 kobold zombies (Ossuary)
  2 orc zombies (Ossuary)
  14 rats
  A spectral hobgoblin (D:2)
416 creatures vanquished.

Vanquished Creatures (others)
  A polar bear (Lair:5)
  4 humans (Lair:5)
  19 fungi
  12 plants
  4 withered plants (D:7)
40 creatures vanquished.

Grand Total: 456 creatures vanquished

Notes
Turn   | Place    | Note
-------+----------+-------------------------------------------
     0 | D:1      | Leeroy the Vine Stalker Warper began the quest for the Orb.
     0 | D:1      | Reached XP level 1. HP: 11/11 MP: 4/4
    34 | D:1      | Reached skill level 2 in Long Blades
   119 | D:1      | Reached XP level 2. HP: 15/15 MP: 6/6
   587 | D:1      | Reached skill level 3 in Long Blades
   630 | D:1      | Reached XP level 3. HP: 18/18 MP: 7/7
   972 | D:2      | Learned a level 2 spell: Blink
   978 | D:2      | Learned a level 3 spell: Vhi's Electric Charge
  1070 | D:2      | Gained mutation: Your natural rate of healing is unusually
                  | fast. [Vine Stalker growth]
  1070 | D:2      | Reached XP level 4. HP: 13/23 MP: 6/8
  1163 | D:2      | Found a faded altar of an unknown god.
  1470 | D:3      | Identified the +2 scale mail of Infinity {+Blink Regen+}
  1502 | D:3      | Reached skill level 1 in Conjurations
  1551 | D:3      | Reached skill level 1 in Evocations
  1628 | D:3      | Reached XP level 5. HP: 26/26 MP: 7/9
  1631 | D:3      | Learned a level 2 spell: Static Discharge
  2242 | D:4      | Found a transporter.
  2245 | D:4      | Noticed a kobold brigand
  2254 | D:4      | Noticed Leeroy's ghost (amateur VSWr)
  2257 | D:4      | Reached XP level 6. HP: 30/30 MP: 10/12
  2365 | D:4      | Found a transporter.
  2387 | D:4      | Found a transporter.
  2650 | D:4      | Found a transporter.
  2708 | D:5      | Entered Level 5 of the Dungeon
  2777 | D:5      | Reached skill level 5 in Spellcasting
  2880 | D:5      | Noticed Pikel
  2904 | D:5      | Reached XP level 7. HP: 34/34 MP: 9/16
  2946 | D:5      | Killed Pikel
  2947 | D:5      | Gained mutation: You have razor-sharp teeth. [Vine Stalker
                  | growth]
  2947 | D:5      | Reached XP level 8. HP: 13/38 MP: 4/20
  3735 | D:5      | Found a basalt altar of Yredelemnul.
  3748 | D:5      | Reached skill level 10 in Spellcasting
  3761 | D:5      | Reached skill level 4 in Long Blades
  3778 | D:5      | Reached XP level 9. HP: 42/42 MP: 22/24
  3994 | D:6      | Reached skill level 5 in Long Blades
  4121 | D:6      | Found a staircase to the Ecumenical Temple.
  4146 | Temple   | Entered the Ecumenical Temple
  4243 | Temple   | Became a worshipper of Uskayaw the Reveller
  4382 | D:6      | Found a glowing drain.
  4393 | D:6      | Reached * piety under Uskayaw
  4405 | Sewer    | Entered a sewer
  4416 | Sewer    | Reached ** piety under Uskayaw
  4504 | Sewer    | Reached skill level 6 in Long Blades
  4508 | Sewer    | Reached *** piety under Uskayaw
  4530 | Sewer    | Found a white marble altar of Elyvilon.
  4659 | D:6      | Learned a level 4 spell: Manifold Assault
  4665 | D:6      | Learned a level 5 spell: Arcjolt
  4668 | D:6      | Learned a level 2 spell: Wereblood
  5015 | D:6      | Noticed a cyclops
  5031 | D:6      | Killed a cyclops
  5032 | D:6      | Reached skill level 7 in Long Blades
  5087 | D:6      | Reached skill level 8 in Long Blades
  5308 | D:7      | Reached **** piety under Uskayaw
  5361 | D:7      | Found the +6 shillelagh "Devastator" {shatter}
  5371 | D:7      | Found a sand-covered staircase.
  5424 | Ossuary  | Entered an ossuary
  5461 | Ossuary  | Reached XP level 10. HP: 40/46 MP: 21/25
  5737 | D:7      | Reached skill level 9 in Long Blades
  5755 | D:7      | Reached ***** piety under Uskayaw
  5789 | D:7      | Found an opulent altar of Gozag.
  6354 | D:7      | Found a runed translucent gate.
  6354 | D:7      | Found a runed translucent gate.
  6355 | D:7      | Found a runed translucent gate.
  6356 | D:7      | Noticed Dirtsage's ghost (novice OpTm)
  6356 | D:7      | Noticed mopl's ghost (novice OpDe)
  7312 | D:8      | Reached skill level 10 in Long Blades
  7542 | D:8      | Learned a level 3 spell: Hailstorm
  7750 | D:8      | Noticed a two-headed ogre
  7914 | D:8      | Killed a two-headed ogre
  7915 | D:8      | Reached skill level 11 in Long Blades
  8460 | D:9      | Reached XP level 11. HP: 39/50 MP: 19/26
  8461 | D:9      | Reached skill level 12 in Long Blades
  8595 | D:9      | Noticed Joseph
  8603 | D:9      | Killed Joseph
  8627 | D:9      | Found a hazy altar of Hepliaklqana.
  8676 | D:9      | Found a radiant altar of Vehumet.
  8702 | D:9      | Identified the +1 leather armour of Meabouli {Will++ Str+3}
  8862 | D:9      | Reached skill level 13 in Long Blades
  8990 | D:9      | Noticed a two-headed ogre
  8994 | D:9      | Killed a two-headed ogre
  9091 | D:10     | Entered Level 10 of the Dungeon
  9094 | D:10     | Found a staircase to the Orcish Mines.
  9255 | D:10     | Noticed a two-headed ogre
  9255 | D:10     | Noticed a two-headed ogre
  9262 | D:10     | Killed a two-headed ogre
  9265 | D:10     | Killed a two-headed ogre
  9388 | D:10     | Reached skill level 14 in Long Blades
  9429 | D:10     | Noticed a two-headed ogre
  9435 | D:10     | Killed a two-headed ogre
  9583 | D:10     | Reached XP level 12. HP: 48/54 MP: 25/27
  9875 | D:11     | Found a staircase to the Lair.
  9901 | D:11     | Reached skill level 15 in Long Blades
 10126 | D:11     | Noticed a two-headed ogre
 10133 | D:11     | Killed a two-headed ogre
 10312 | D:11     | Noticed Snorg
 10322 | D:11     | Killed Snorg
 10499 | D:11     | You fall into a shaft and drop 1 floor!
 10506 | D:12     | Noticed a two-headed ogre
 10779 | Lair:1   | Entered Level 1 of the Lair of Beasts
 10834 | Lair:1   | Reached skill level 16 in Long Blades
 10834 | Lair:1   | Reached ****** piety under Uskayaw
 11144 | Lair:1   | Reached skill level 5 in Fighting
 11150 | Lair:1   | Learned a level 5 spell: Lightning Bolt
 11549 | Lair:1   | Noticed a boulder beetle
 11580 | Lair:1   | Killed a boulder beetle
 11581 | Lair:1   | Reached XP level 13. HP: 48/63 MP: 22/28
 11708 | Lair:2   | Noticed Maggie
 11721 | Lair:2   | Killed Maggie
 11777 | Lair:2   | Reached skill level 5 in Dodging
 11846 | Lair:2   | Found a staircase to the Shoals.
 12532 | Lair:2   | Found a hole to the Spider Nest.
 12858 | Lair:2   | Noticed Fannar
 12876 | Lair:2   | Killed Fannar
 15104 | Lair:4   | Noticed Josephine
 15300 | Lair:4   | Killed Josephine
 15437 | Lair:4   | Reached XP level 14. HP: 68/68 MP: 29/29
 15448 | Lair:4   | Reached skill level 10 in Dodging
 15675 | Lair:4   | Found a staircase to the Slime Pits.
 15816 | Lair:5   | Entered Level 5 of the Lair of Beasts
 15856 | Lair:5   | Noticed Kirke
 15873 | Lair:5   | Killed Kirke
 16146 | Lair:5   | Slain by a white ugly thing

Illustrated notes

Levels and vault maps discovered:
D:1:      minmay_arrival_five_plusses, layout_basic
D:2:      layout_loops_cross, dreamdust_ecumenical_altar_drowned_temple
D:3:      layout_basic, nrook_uturn
D:4:      gammafunk_wand_slinger, layout_basic, gammafunk_ghost_arena,
          kennysheep_nub
D:5:      layout_basic, lemuel_mausoleum_altar_yredelemnul,
          minmay_chambers_of_fives, uniq_pikel
D:6:      kennysheep_big_flooded_room, layout_basic, minmay_temple_entry_arrows,
          cheibrodos_sewer_entry_bend, minmay_quadrilaterals
D:7:      layout_basic, lemuel_doored_altar, gammafunk_ghost_cemetery,
          nicolae_ossuary_entry_giza, skrybe_limestone_x
D:8:      layout_layer_cave
D:9:      layout_roguey, nicolae_hepliaklqana_hazy_memory,
          nicolae_vehumet_radiance, uniq_joseph
D:10:     layout_roguey, orc_0_dummy
D:11:     layout_loops_cross, minmay_lair_entry_lava, uniq_snorg
D:12:     layout_irregular_city, ploomutoo_gammafunk_ghost_potion_laboratory,
          serial_co_window_serial, co_window_paths_a, co_window_corner_a,
          co_window_corner_a, co_window_paths_b, co_window_cross_1,
          co_window_of_opportunity_b, co_window_of_opportunity_c,
          co_window_broadway_c, glass_columns_a, glass_columns_a,
          glass_columns_a, st_stairs_6, uniq_psyche
Temple:   dpeg_five_rooms_temple
Lair:1:   layout_loops_ring, nicolae_lair_lil_pond, st_stairs_10,
          lemuel_fruit_fields
Lair:2:   hellmonk_ruined_rings, layout_gridlike,
          minmay_shoals_entry_lonely_mermaid, nicolae_spider_entry_tight_spaces,
          cheibrodos_lair_lostbears, uniq_maggie, uniq_fannar
Lair:3:   layout_cave_pods, lemuel_fruit_tree
Lair:4:   layout_cave_pods, dpeg_slime_entry_corner,
          lightli_volcano_entry_magma_tube, grunt_megastairs_5,
          infiniplex_staircase_pool, uniq_josephine
Lair:5:   hellmonk_lair_end_abyssal_woods, layout_long_grid, uniq_kirke

Skill      XL: |  1  2  3  4  5  6  7  8  9 10 11 12 13 14 |
---------------+-------------------------------------------+-----
Long Blades    | 2 3 4 8 11 14 16 | 16.1
Conjurations   | 1 |  1.0
Evocations     | 1 2 |  2.2
Spellcasting   | 3 5 7 10 11 | 11.7
Fighting       | 5 |  5.0
Dodging        | 3 9 10 | 10.1
Throwing       | |  0.8
Armour         | |  0.7
Translocations | |  3.0

Action                     |  1- 3 |  4- 6 |  7- 9 | 10-12 | 13-15 || total
---------------------------+-------+-------+-------+-------+-------++-------
  Melee: Falchion          |    94 |    99 |   384 |       |       ||   577
         Bite              |    26 |    60 |   144 |   138 |   190 ||   558
         Staff             |       |   155 |       |       |       ||   155
         Punch             |       |     8 |     6 |     6 |     9 ||    29
         Scimitar          |       |       |    53 |   187 |   326 ||   566
         Shillelagh        |       |       |       |   228 |    93 ||   321
  Throw: Dart              |       |       |       |     4 |     1 ||     5
   Cast: Blink             |       |       |     1 |     1 |     2 ||     4
         Vhi's Electric Ch |       |       |     1 |     2 |     3 ||     6
  Evoke: Wand              |       |       |       |     4 |     3 ||     7
    Use: Scroll            |       |       |     5 |     1 |    13 ||    19
         Potion            |       |       |       |     1 |       ||     1
   Stab: Sleeping          |     1 |       |       |       |       ||     1
         Paralysed         |       |       |    10 |    31 |    26 ||    67
 Armour: Leather armour    |    26 |    23 |       |       |       ||    49
         Scale mail        |       |    60 |   127 |   159 |   102 ||   448
  Dodge: Dodged            |    78 |   225 |   315 |   386 |   358 ||  1362

Table legend: (Time is in decaauts)
 A = Elapsed time spent in this place.
 B = Non-inter-level travel time spent in this place.
 C = Inter-level travel time spent in this place.
 D = Time resting spent in this place.
 E = Time spent auto-exploring this place.
 F = Levels seen in this place.
 G = Mean time per level.
                   A        B        C        D        E       F      G
               +--------+--------+--------+--------+--------+-----+--------+
         Total |  16235 |  15469 |    766 |   1049 |  10939 |  20 |  811.8 |
       Dungeon |  10341 |   9707 |    634 |     66 |   7325 |  12 |  861.8 |
        Temple |    149 |     98 |     51 |      0 |     85 |   1 |  149.0 |
          Lair |   5347 |   5266 |     81 |    983 |   3301 |   5 | 1069.4 |
         Sewer |    188 |    188 |      0 |      0 |    108 |   1 |  188.0 |
       Ossuary |    208 |    208 |      0 |      0 |    119 |   1 |  208.0 |
               +--------+--------+--------+--------+--------+-----+--------+

Top non-repeatable levels by time:
  Lair:2: 1743 daAuts
     D:7: 1651 daAuts
     D:8: 1256 daAuts
     D:5: 1218 daAuts
  Lair:4: 1215 daAuts
  Lair:3: 1162 daAuts
     D:6: 1060 daAuts
  Lair:1: 941 daAuts
    D:11: 936 daAuts
     D:1: 801 daAuts
     D:3: 793 daAuts
     D:9: 723 daAuts
    D:10: 719 daAuts
     D:2: 687 daAuts
     D:4: 476 daAuts
